 Dungeon Crawl Stone Soup version 0.22-a0-247-gbddf880757 (webtiles) character file.

5299 Peterchen the Severer (level 10, -1/77 HPs)
             Began as a Minotaur Berserker on Feb 24, 2018.
             Was a High Priest of Trog.
             Slain by Joseph
             ... wielding a +0 quarterstaff
              (15 damage)
             ... on level 9 of the Dungeon.
             The game lasted 00:23:16 (7269 turns).

Peterchen the Severer (Minotaur Berserker)          Turns: 7269, Time: 00:23:17

Health: -1/77      AC:  7    Str: 22    XL:     10   Next: 37%
Magic:  3/3        EV:  9    Int:  4    God:    Trog [*****.]
Gold:   438        SH:  0    Dex: 15    Spells: 9/9 levels left

rFire    . . .     SeeInvis .   a - +4 executioner's axe (antimagic)
rCold    + . .     Gourm    .   (shield currently unavailable)
rNeg     . . .     Faith    .   d - +0 chain mail
rPois    .         Spirit   .   (helmet restricted)
rElec    .         Reflect  .   (no cloak)
rCorr    .         Harm     .   f - +0 pair of gloves
MR       .....     Rnd*Rage +   n - +0 pair of boots
Stlth    ..........             (no amulet)
HPRegen  0.22/turn              w - ring of protection from cold
MPRegen  0.08/turn              (no ring)

@: berserk cooldown, very slightly contaminated, slowed, invisible, very slow
A: retaliatory headbutt, horns 2, agile 2, berserk 2, deformed body, weak 1,
MP-powered wands
a: Berserk, Trog's Hand, Brothers in Arms, Renounce Religion


You were on level 9 of the Dungeon.
You worshipped Trog.
Trog was extremely pleased with you.
You were very hungry.

You visited 1 branch of the dungeon, and saw 9 of its levels.
You also visited: Sewer.

You collected 438 gold pieces.

Inventory:

Hand Weapons
 a - a +4 antimagic executioner's axe (weapon)
Missiles
 t - 12 tomahawks (quivered)
Armour
 d - a +0 chain mail (worn)
 f - a +0 pair of gloves (worn)
 n - a +0 pair of boots (worn)
Jewellery
 w - a ring of protection from cold (left hand)
Wands
 r - a wand of iceblast (4)
Scrolls
 b - 3 scrolls of teleportation
 i - 6 scrolls of remove curse
 k - a scroll of blinking
 m - a scroll of random uselessness
 o - 4 scrolls of immolation
 u - 2 scrolls of enchant armour
 v - a scroll of magic mapping {unknown}
 x - a scroll of fog {unknown}
 y - a scroll of enchant weapon {unknown}
 A - a scroll of acquirement {unknown}
Potions
 e - a potion of magic {unknown}
 g - 3 potions of agility
 h - a potion of resistance
 j - 2 potions of invisibility
 l - 5 potions of flight
 p - 2 potions of lignification {unknown}
 q - 3 potions of brilliance {unknown}
 s - 2 potions of curing {unknown}
 z - a potion of heal wounds {unknown}
Comestibles
 c - 21 rations
 C - 6 chunks of flesh


   Skills:
 - Level 3.6 Fighting
 * Level 17.3 Axes
 - Level 2.4 Armour
 - Level 2.1 Dodging


You had 9 spell levels left.
You didn't know any spells.

Dungeon Overview and Level Annotations

Branches:
Dungeon (9/15)             Temple (0/1) D:5
   Lair: D:8-11         Orc: D:9-12

Altars:
Gozag
Hepliaklqana
Makhleb
Qazlal
Sif Muna
Trog
Wu Jian
Xom
Yredelemnul

Annotations:
D:9 Joseph


Innate Abilities, Weirdness & Mutations

You reflexively headbutt those who attack you in melee.
You have a pair of horns on your head.
You are very agile. (Dex +4)
You often lose your temper in combat.
Armour fits poorly on your strangely shaped body.
You are weak. (Str -2)
You expend magic power (3 MP) to strengthen your wands.


Message History

The orc shouts!
Joseph shoots a sling bullet.
The sling bullet hits you!
Joseph shoots a sling bullet.
The sling bullet hits you but does no damage.
An orc priest comes into view.
You see here a sling bullet.
The orc priest shouts!
You hear a shout!
Joseph unwields an uncursed hunting sling.
Joseph wields an uncursed quarterstaff.
Joseph hits you with an uncursed quarterstaff!
* * * LOW HITPOINT WARNING * * *
Joseph hits you with an uncursed quarterstaff.
* * * LOW HITPOINT WARNING * * *
You fade into invisibility!
The orc hits you with a war axe.
* * * LOW HITPOINT WARNING * * *
Joseph barely misses you.
You are very lightly contaminated with residual magic.
Joseph hits you with an uncursed quarterstaff!
You die...

..+.......(...........
..#........(..........
###.................#+###
....................#.....
..........(.(......o#..P...
........................P.P
......########...o......P.P
...... #.(.@......P..
...... +..@....P....P
####.. #.......P..P.. ...#
#............. ...#
+...(........P ...#
#..<...[.P.PP. ...#
#.............
...#..########.............
...#...................PP..
...#...................#...


You could see Joseph, an orc priest and an orc.

Vanquished Creatures
  A two-headed ogre (D:7)
  Pikel (D:7)
  A basilisk (D:9)
  Menkaure (D:5)
  A water moccasin (D:8)
  Duvessa (D:5)
  3 porcupines (D:9)
  An ice beast (D:5)
  2 slaves (D:7)
  An orc warrior (D:8)
  A sky beast (D:5)
  A black bear (D:9)
  4 ogres
  A phantom (D:4)
  2 wolves (D:9)
  2 centaurs
  3 crocodiles
  2 bullfrogs
  Dowan (D:5)
  A water moccasin zombie (D:6)
  A scorpion (D:9)
  3 killer bees (D:8)
  4 wights (D:8)
  4 howler monkeys
  3 crimson imps
  2 bullfrog zombies
  5 hounds
  A centaur skeleton (D:7)
  6 orc priests
  6 jellies
  7 worker ants
  6 iguanas
  6 orc wizards
  3 gnolls (D:2)
  A howler monkey skeleton (D:6)
  4 adders
  2 shadow imps
  7 oozes
  4 worms
  An adder skeleton (D:7)
  A dart slug (D:2)
  5 leopard geckos
  33 orcs
  A ball python (D:4)
  3 bats (D:2)
  5 giant cockroaches
  11 goblins
  12 hobgoblins
  12 jackals
  12 kobolds
  A ball python skeleton (D:5)
  6 frilled lizards
  A jackal zombie (D:9)
  A leopard gecko skeleton (D:6)
  A quokka skeleton (D:6)
  9 rats
  A spectral orc (D:3)
222 creatures vanquished.

Notes
Turn   | Place    | Note
-------+----------+-------------------------------------------
     0 | D:1      | Peterchen the Minotaur Berserker began the quest for the Orb.
     0 | D:1      | Reached XP level 1. HP: 19/19 MP: 0/0
   229 | D:1      | Reached skill level 4 in Axes
   267 | D:1      | Reached XP level 2. HP: 15/26 MP: 1/1
   677 | D:1      | Reached ** piety under Trog
   783 | D:2      | Reached skill level 5 in Axes
   812 | D:2      | Reached XP level 3. HP: 11/31 MP: 2/2
  1287 | D:2      | Reached XP level 4. HP: 39/39 MP: 3/3
  1364 | D:3      | Reached skill level 6 in Axes
  1396 | D:3      | Found a hazy altar of Hepliaklqana.
  1591 | D:3      | Found a glowing drain.
  1619 | Sewer    | Entered a sewer
  1667 | Sewer    | Noticed a crocodile
  1673 | Sewer    | Killed a crocodile
  1673 | Sewer    | Reached skill level 7 in Axes
  1673 | Sewer    | Reached XP level 5. HP: 35/45 MP: 4/4
  1713 | Sewer    | Got a polished leather armour
  1724 | Sewer    | Identified the +1 leather armour of Kikubaaqudgha's Envy {rF+ Dex+3} (You found it in a sewer)
  2014 | D:3      | Found a deep blue altar of Sif Muna.
  2180 | D:3      | Found a basalt altar of Yredelemnul.
  2191 | D:3      | Gained mutation: Your muscles are strong. (Str +2) [potion of mutation]
  2191 | D:3      | Gained mutation: Scrolls take you a little longer to read. [potion of mutation]
  2191 | D:3      | Gained mutation: You are dopey. (Int -2) [potion of mutation]
  2191 | D:3      | Gained mutation: You are covered in fur. (AC +1) [potion of mutation]
  2192 | D:3      | Lost mutation: You are covered in fur. (AC +1) [potion of mutation]
  2192 | D:3      | Lost mutation: Your muscles are strong. (Str +2) [potion of mutation]
  2192 | D:3      | Gained mutation: You tend to lose your temper in combat. [potion of mutation]
  2192 | D:3      | Gained mutation: You expend magic power (3 MP) to strengthen your wands. [potion of mutation]
  2192 | D:3      | Gained mutation: You are agile. (Dex +2) [potion of mutation]
  2193 | D:3      | Lost mutation: You are dopey. (Int -2) [potion of mutation]
  2193 | D:3      | Lost mutation: Scrolls take you a little longer to read. [potion of mutation]
  2193 | D:3      | Gained mutation: You often lose your temper in combat. [potion of mutation]
  2193 | D:3      | Gained mutation: Armour fits poorly on your strangely shaped body. [potion of mutation]
  2193 | D:3      | Gained mutation: You are weak. (Str -2) [potion of mutation]
  2193 | D:3      | Gained mutation: You are very agile. (Dex +4) [potion of mutation]
  2270 | D:4      | Reached skill level 8 in Axes
  2311 | D:4      | Reached *** piety under Trog
  2311 | D:4      | Reached XP level 6. HP: 30/51 MP: 5/5
  2355 | D:4      | Reached skill level 9 in Axes
  3013 | D:4      | Reached XP level 7. HP: 53/57 MP: 6/6
  3323 | D:4      | Found a shimmering altar of Xom.
  3548 | D:5      | Entered Level 5 of the Dungeon
  3548 | D:5      | Noticed Duvessa
  3548 | D:5      | Noticed Dowan
  3553 | D:5      | Killed Duvessa
  3553 | D:5      | Reached skill level 10 in Axes
  3554 | D:5      | Killed Dowan
  3579 | D:5      | Found a staircase to the Ecumenical Temple.
  3691 | D:5      | Reached skill level 11 in Axes
  3750 | D:5      | Reached XP level 8. HP: 62/64 MP: 7/7
  3860 | D:5      | Found a stormy altar of Qazlal.
  3863 | D:5      | Noticed Menkaure
  3867 | D:5      | Killed Menkaure
  4034 | D:5      | Reached skill level 12 in Axes
  4054 | D:5      | Reached **** piety under Trog
  4671 | D:6      | Reached skill level 13 in Axes
  4848 | D:7      | Found an opulent altar of Gozag.
  5078 | D:7      | Noticed a two-headed ogre
  5088 | D:7      | Killed a two-headed ogre
  5088 | D:7      | Reached skill level 14 in Axes
  5088 | D:7      | Reached XP level 9. HP: 29/70 MP: 8/8
  5634 | D:7      | Found an ornate altar of the Wu Jian Council.
  5640 | D:7      | Noticed Pikel
  5655 | D:7      | Killed Pikel
  5655 | D:7      | Reached skill level 15 in Axes
  5799 | D:8      | Reached ***** piety under Trog
  5852 | D:8      | Reached skill level 16 in Axes
  5873 | D:8      | Found a bloodstained altar of Trog.
  6213 | D:8      | Received a gift from Trog
  6441 | D:8      | Reached XP level 10. HP: 59/77 MP: 3/9
  6450 | D:8      | Found a burning altar of Makhleb.
  6644 | D:9      | Reached skill level 17 in Axes
  6647 | D:9      | Noticed Joseph
  7269 | D:9      | Slain by Joseph

Vault maps used:
D:1:      nzn_arrival_crosshair
D:3:      lemuel_upstairs_altar, nicolae_overflow_hidden_temple, led_sif_pool,
          yredelemnul_forgotten_temple_becter, first_ration,
          portal_sewer_entry_f, minmay_quantized
D:4:      cheibrodos_greedy_goblins, lemuel_coloured_pillars_altar
D:5:      overflow_temple_1_default, minmay_temple_entry_statues_pillars,
          uniq_duvessa, uniq_menkaure
D:7:      overflow_temple_1_default, overflow_temple_1_default, uniq_pikel
D:8:      bloody_trog, makhleb_heckhound_becter, hangedman_little_slice_of_home
D:9:      overflow_temple_1_default, minmay_lair_entry_grove, david_orc_2,
          uniq_joseph
Sewer:    sewer_the_crocodile

Skill      XL: |  1  2  3  4  5  6  7  8  9 10 |
---------------+-------------------------------+-----
Axes           | 4 5 7 8 9 11 14 16 17 | 17.3
Fighting       | |  3.6
Armour         | |  2.4
Dodging        | |  2.1

Action                   |  1- 3 |  4- 6 |  7- 9 | 10-12 || total
-------------------------+-------+-------+-------+-------++-------
Melee: Hand axe          |    56 |   154 |       |       ||   210
       Headbutt          |     9 |    27 |    66 |     7 ||   109
       War axe           |       |     3 |   234 |       ||   237
       Executioner's axe |       |       |    22 |    51 ||    73
Invok: Berserk           |     1 |     1 |     6 |     3 ||    11
Evoke: Wand              |       |     1 |       |       ||     1
  Use: Scroll            |       |     9 |     1 |     1 ||    11
       Potion            |       |     3 |       |     1 ||     4
  Eat: Chunk             |     2 |     6 |    18 |     4 ||    30
Armor: Ring mail         |    22 |     9 |       |       ||    31
       Leather armour    |       |     8 |       |       ||     8
       Chain mail        |       |    13 |    86 |    29 ||   128
Dodge: Dodged            |    31 |    62 |    51 |    22 ||   166
Block: Shield            |       |       |    25 |       ||    25
       Large shield      |       |       |    52 |       ||    52

Table legend:
 A = Spawn XP
 B = Non-spawn XP
 C = Spawn XP percentage of total XP
 D = Spawn monster count
 E = Non-spawn monster count
 F = Spawn count percentage of total count
 G = Total turns spent on level
                    A         B        C        D         E        F      G
               +---------+---------+-------+---------+---------+-------+---------
         Total |       0 |    7571 |   0.0 |       0 |     220 |   0.0 |  7269
               +---------+---------+-------+---------+---------+-------+---------
           D:1 |       0 |      34 |   0.0 |       0 |      22 |   0.0 |   751
           D:2 |       0 |      63 |   0.0 |       0 |      12 |   0.0 |   612
           D:3 |       0 |     113 |   0.0 |       0 |      28 |   0.0 |   758
           D:4 |       0 |     436 |   0.0 |       0 |      34 |   0.0 |  1297
           D:5 |       0 |     995 |   0.0 |       0 |      22 |   0.0 |   823
           D:6 |       0 |     546 |   0.0 |       0 |      18 |   0.0 |   416
           D:7 |       0 |    2027 |   0.0 |       0 |      23 |   0.0 |  1005
           D:8 |       0 |    1669 |   0.0 |       0 |      35 |   0.0 |  1240
           D:9 |       0 |    1577 |   0.0 |       0 |      20 |   0.0 |   237
         Sewer |       0 |     111 |   0.0 |       0 |       6 |   0.0 |   130
               +---------+---------+-------+---------+---------+-------+---------
